 Dungeon Crawl Stone Soup version 0.26-a0-683-g5206c1d7ac (webtiles) character file.

Game seed: 5167847933761963208

368732 1994 the Brawler (level 21, -3/333 HPs)
             Began as a Troll Fighter on Oct 22, 2020.
             Was an Initiate of Gozag.
             Slain by a shadow dragon (7 damage)
             ... on level 4 of the Vaults.
             The game lasted 02:01:57 (49616 turns).

1994 the Brawler (Troll Fighter)                   Turns: 49616, Time: 02:01:58

Health: -3/333     AC: 20    Str: 31    XL:     21   Next: 64%
Magic:  29/29      EV: 14    Int:  4    God:    Gozag
Gold:   4351       SH: 19    Dex: 24    Spells: 20/20 levels left

rFire    + . .     SeeInvis .     - Unarmed
rCold    + + .     Faith    .   F - +0 kite shield {rC+ rF+}
rNeg     . . .     Spirit   .   k - +6 acid dragon scales "Avag" {rCorr Dex+2}
rPois    +         Reflect  +   (helmet restricted)
rElec    +         Harm     .   p - +0 cloak
rCorr    +         Rampage  .   (gloves unavailable)
MR       +....                  (boots unavailable)
Stlth    ..........             g - amulet "Wisku" {Reflect rElec Int-2 Dex+8 SH+5 Stlth-}
HPRegen  1.05/turn              S - ring "Muoreusm" {rF+ Int+6}
MPRegen  0.21/turn              n - ring of the Final Decision {Ice +Inv rPois MP+9 Int-5}

@: berserking, gold aura, very heavily drained, very quick
A: large, unfitting armour, claws 3, regeneration 1, shaggy fur 1, tough skin 3
}: 2/15 runes: decaying, serpentine
a: Potion Petition, Call Merchant, Bribe Branch, Renounce Religion, Evoke
Invisibility


You were on level 4 of the Vaults.
You worshipped Gozag.
Gozag was most pleased with you.
You visited 8 branches of the dungeon, and saw 36 of its levels.
You visited the Abyss 2 times.
You also visited: Ice Cave.

You collected 19434 gold pieces.
You spent 5666 gold pieces at shops.
You paid 9417 gold pieces to Gozag.

Inventory:

Missiles
 d - 158 poisoned darts
 x - 7 curare-tipped darts
 G - 15 javelins
 I - a throwing net
 O - 41 large rocks (quivered)
 P - 54 boomerangs
Armour
 k - the +6 acid dragon scales "Avag" (worn) {rCorr Dex+2}
   (You bought it in a shop on level 11 of the Dungeon)

   It affects your dexterity (+2).
   It provides partial protection from all sources of acid and corrosion.
 p - a +0 cloak (worn)
 F - a +0 kite shield of resistance (worn)
 Y - a +2 robe of magic resistance
Jewellery
 f - an uncursed amulet of regeneration
 g - the amulet "Wisku" (around neck) {Reflect rElec Int-2 Dex+8 SH+5 Stlth-}
   (You bought it in a shop on level 11 of the Dungeon)

   [amulet of reflection]

   It shields you and reflects attacks.
   It affects your intelligence (-2).
   It affects your dexterity (+8).
   It insulates you from electricity.
   It affects your SH (+5).
   It makes you less stealthy.
 n - the ring of the Final Decision (right claw) {Ice +Inv rPois MP+9 Int-5}
   (You found it on level 3 of the Lair of Beasts)

   [ring of ice]

   It enhances your ice magic.
   It affects your intelligence (-5).
   It makes you vulnerable to fire.
   It protects you from cold.
   It protects you from poison.
   It affects your magic capacity (+9).
   It lets you turn invisible.
 t - an uncursed ring of protection from cold
 S - the ring "Muoreusm" (left claw) {rF+ Int+6}
   (You took it off a kobold demonologist on level 11 of the Dungeon)

   [ring of intelligence]

   It affects your intelligence (+6).
   It protects you from fire.
 T - a +6 ring of dexterity
 V - an uncursed ring of resist corrosion
 X - an uncursed ring of see invisible
 Z - a +4 ring of protection
Wands
 i - a wand of flame (69)
 m - a wand of acid (18)
 u - a wand of digging (19)
 v - a wand of iceblast (40)
 w - a wand of enslavement (22)
 D - a wand of paralysis (53)
Scrolls
 b - 3 scrolls of silence
 e - 18 scrolls of remove curse
 h - 23 scrolls of teleportation
 l - 15 scrolls of identify
 r - 8 scrolls of fog
 y - 7 scrolls of blinking
 A - 5 scrolls of fear
 B - 6 scrolls of magic mapping
 E - 6 scrolls of immolation
 L - 3 scrolls of summoning
Potions
 a - a potion of cancellation
 c - 4 potions of might
 j - 4 potions of brilliance
 o - 8 potions of heal wounds
 q - 2 potions of ambrosia
 s - 5 potions of haste
 z - 8 potions of curing
 C - a potion of resistance
 H - 3 potions of invisibility
 J - 2 potions of flight
 K - 2 potions of magic
 M - 2 potions of mutation
 Q - 2 potions of berserk rage
 W - 11 potions of lignification
Miscellaneous
 R - a condenser vane (2/2)


   Skills:
 + Level 16.2(12.3) Fighting
 + Level 11.6(8.1) Throwing
 - Level 14.2(10.5) Armour
 - Level 9.2(5.9) Dodging
 - Level 15.0(11.2) Shields
 * Level 20.7(16.4) Unarmed Combat


You had 20 spell levels left.
You didn't know any spells.
Your spell library contained the following spells:

 Spells                   Type           Power        Failure   Level
 Animate Skeleton         Necr           #.....       54%         1
 Apportation              Tloc           #.....       54%         1
 Corona                   Hex            #......      54%         1
 Shock                    Conj/Air       #...         54%         1
 Summon Small Mammal      Summ           #...         54%         1
 Blink                    Tloc           N/A          69%         2
 Call Imp                 Summ           #.......     69%         2
 Ensorcelled Hibernation  Hex/Ice        #.....       69%         2
 Poisonous Vapours        Pois/Air       #.....       69%         2
 Swiftness                Air            #.......     69%         2
 Call Canine Familiar     Summ           #.......     89%         3
 Confusing Touch          Hex            #.......     89%         3
 Conjure Flame            Conj/Fire      #.......     89%         3
 Dazzling Flash           Conj/Hex       #.....       89%         3
 Gell's Gravitas          Tloc           #.........   89%         3
 Ignite Poison            Fire/Tmut/Pois #.......     89%         3
 Inner Flame              Hex/Fire       #.......     89%         3
 Lesser Beckoning         Tloc           #.........   89%         3
 Mephitic Cloud           Conj/Pois/Air  #.......     89%         3
 Portal Projectile        Hex/Tloc       #.....       89%         3
 Static Discharge         Conj/Air       #.......     89%         3
 Summon Guardian Golem    Hex/Summ       #.......     89%         3
 Teleport Other           Tloc           #.......     89%         3
 Tukima's Dance           Hex            #.......     89%         3
 Airstrike                Air            #.........   100%        4
 Animate Dead             Necr           #.........   100%        4
 Summon Ice Beast         Ice/Summ       #.......     100%        4
 Summon Lightning Spire   Summ/Air       #.......     100%        4
 Borgnjor's Vile Clutch   Necr/Erth      #.........   100%        5
 Lightning Bolt           Conj/Air       #.........   100%        5
 Death Channel            Necr           #.........   100%        6
 Freezing Cloud           Conj/Ice/Air   #.........   100%        6
 Simulacrum               Ice/Necr       #.........   100%        6
 Ignition                 Fire           #.........   100%        8
 Shatter                  Erth           #.........   100%        9
 Tornado                  Air            #.........   100%        9


Dungeon Overview and Level Annotations

Branches:
Dungeon (15/15)            Temple (1/1) D:7            Lair (6/6) D:11
  Swamp (4/4) Lair:4        Snake (4/4) Lair:4        Slime (0/5) Lair:5
    Orc (2/2) D:12            Elf (0/3) Orc:2        Vaults (4/5) D:13
 Depths (1/5) D:15          IceCv (visited)
  Crypt: Vaults:2-3

Altars:
Ashenzari
Cheibriados
Dithmenos
Elyvilon
Fedhas
Gozag
Hepliaklqana
Kikubaaqudgha
Makhleb
Nemelex Xobeh
Okawaru
Qazlal
Ru
Sif Muna
Trog
Uskayaw
Vehumet
Wu Jian
Xom
Yredelemnul
Zin
The Shining One
Beogh
Jiyva

Shops:
D:6 [   D:11 [=*[[   D:14 =   Orc:2 ([*[*:   Snake:2 =}}   Snake:4 ?*:
Vaults:4 [

Portals:
Hell: Depths:1

Annotations:
Depths:1 2 transporters, Efficiency's ghost, adept DDDe


Innate Abilities, Weirdness & Mutations

You are too large for most types of armour.
You have claws for hands.
Your natural rate of healing is unusually fast.
You are covered in fur. (AC +1)
You have extremely tough skin. (AC +3)


Message History

You claw the shadow dragon!
The shadow dragon is lightly wounded.
The shadow dragon bites you.
* * * LOW HITPOINT WARNING * * *
The shadow dragon claws you.
* * * LOW HITPOINT WARNING * * *
The shadow dragon claws you but does no damage.
You mangle the shadow dragon!!
The shadow dragon is moderately wounded.
You closely miss the shadow dragon.
The shadow dragon is moderately wounded.
You block the shadow dragon's attack. The shadow dragon barely misses you.
The shadow dragon claws you but does no damage.
You scratch the shadow dragon but do no damage.
The shadow dragon is moderately wounded.
You scratch the shadow dragon but do no damage.
The shadow dragon is moderately wounded.
The shadow dragon bites you!
You die...
Your body crumbles into a pile of gold.

.#...#.###.#
##.###.###.#
.#).)#.....#
##.###.###.#
.#)))#######
#.#...#...#.
.#...###############
#.#...#...#.
##...#.............#
####.###.###
#...#.............#
####.###.###
#...#.............#
#...#...#...
#...+.............#
#...#...#...
#...+..........@D.#
##.###.###.#
#...#.............#
#.# #.# #.#
###################
### ### ###


You could see a shadow dragon.

Vanquished Creatures
  Mennas (Vaults:2)
  Sojobo (Depths:1)
  the Lernaean hydra (Swamp:4)
  Nikola (Swamp:4)
  2 bone dragons (Abyss:3)
  4 liches
  A tentacled monstrosity (Vaults:4)
  Jorgrun (D:14)
  Rupert (D:14)
  A tentacled starspawn (Abyss:2)
  Kirke (Snake:4)
  2 sphinxes (Vaults:4)
  4 tengu reavers
  A thorn hunter (Swamp:3)
  A shadow dragon (Vaults:4)
  8 nagarajas (Snake:4)
  3 fire giants
  3 deep elf sorcerers
  A frost giant (Depths:1)
  2 orc warlords (Orc:2)
  9 vault wardens
  A draconian annihilator (Abyss:3)
  A war gargoyle (Vaults:4)
  8 very ugly things
  2 stone giants
  A vampire knight (Depths:1)
  10 ironheart preservers
  3 entropy weavers
  2 deep elf demonologists
  A black draconian (Abyss:3)
  A deep elf annihilator (Vaults:1)
  The ghost of twist the Frost Mage, a journeyman BaIE of Vehumet (Lair:6)
  3 spark wasps (Depths:1)
  3 blizzard demons
  6 ettins
  3 deep elf death magi
  2 eidola (Vaults:2)
  A fire dragon (Depths:1)
  A rakshasa (Depths:1)
  Erolcha (D:9)
  5 vault guards
  3 ice dragons
  17 naga warriors
  23 hydras
  3 shambling mangroves
  6 boulder beetles
  2 catoblepae
  2 death knights
  A merfolk avatar (Lair:6)
  6 anacondas
  8 ogre magi
  8 centaur warriors
  33 two-headed ogres
  3 deep troll shamans
  A queen ant (Lair:4)
  13 alligators
  2 thrashing horrors (Abyss:3)
  11 death yaks
  2 deep troll earth magi
  3 orc high priests (Orc:2)
  5 tengu warriors
  Urug (Lair:5)
  18 naga sharpshooters
  7 shock serpents
  4 wretched stars
  Sonja (Orc:2)
  2 deep elf knights (Vaults:1)
  8 skeletal warriors
  3 iron trolls
  6 sea snakes
  4 salamander mystics
  A flayed ghost (D:15)
  2 shadow wraiths
  A death drake (Abyss:3)
  2 spriggan druids
  7 unseen horrors
  13 swamp dragons
  6 naga ritualists
  2 glowing orange brains
  A swamp dragon (shapeshifter) (D:15)
  A golden dragon skeleton (D:15)
  15 deep trolls
  2 deep elf archers
  6 ironbrand convokers
  A harpy (Lair:6)
  2 wizards
  A wolf spider zombie (D:13)
  A harpy (shapeshifter) (Vaults:4)
  2 necromancers
  2 lindwurms (Lair:6)
  3 orc sorcerers
  19 salamanders
  8 deep elf magi
  7 cyclopes
  4 wolf spiders
  A human zombie (Vaults:2)
  8 orc knights
  10 mana vipers
  3 manticores
  29 ugly things
  A stone giant zombie (Vaults:2)
  14 elephants
  3 ice statues
  2 moths of wrath (Lair:6)
  3 worldbinders
  Psyche (D:9)
  A guardian serpent (shapeshifter) (D:15)
  33 black mambas
  An eye of devastation (shapeshifter) (D:14)
  32 naga magi
  7 guardian serpents
  A smoke demon (Abyss:2)
  6 vault sentinels
  A torpor snail (Lair:5)
  An orange demon (Abyss:3)
  A gargoyle (D:12)
  15 cane toads
  Maggie (D:9)
  2 kobold demonologists (D:11)
  A cane toad (shapeshifter) (Vaults:4)
  A yaktaur zombie (Vaults:2)
  13 rime drakes
  2 efreet
  10 ice devils (IceCv)
  14 yaktaurs
  4 freezing wraiths
  An anaconda simulacrum (IceCv)
  19 starcursed masses (Abyss:3)
  8 komodo dragons
  2 tengu conjurers
  10 trolls
  A jumping spider (Vaults:4)
  An ancient zyme (Abyss:2)
  A golden dragon simulacrum (IceCv)
  3 meliai (D:13)
  2 wind drakes (Lair:6)
  4 polar bears (Lair:6)
  15 hornets
  A tengu simulacrum (Vaults:1)
  9 tyrant leeches
  43 slime creatures
  25 blink frogs
  16 bog bodies
  16 raiju
  An ettin zombie (D:15)
  7 dream sheep (Lair:6)
  Grinder (D:5)
  8 large abominations (Abyss:3)
  2 ynoxinuls (Abyss:2)
  2 vampires
  A spriggan (shapeshifter) (D:15)
  5 shadows
  A dire elephant simulacrum (IceCv)
  3 redbacks
  5 spriggans
  5 wyverns
  A human (Snake:4)
  A spriggan skeleton (D:15)
  2 small abominations
  5 wraiths
  A neqoxec (Abyss:3)
  44 yaks
  10 steam dragons
  6 basilisks
  12 vampire mosquitoes
  A human simulacrum (Vaults:2)
  4 harpy simulacra (IceCv)
  5 spatial vortices (Abyss:3)
  A soldier ant (shapeshifter) (Vaults:4)
  4 chaos spawn (Abyss:3)
  5 wargs
  3 iron troll simulacra (IceCv)
  50 nagas
  12 swamp worms
  An acid dragon (Lair:3)
  7 insubstantial wisps
  10 soldier ants
  24 water moccasins
  2 sky beasts (D:8)
  An eye of draining (shapeshifter) (Vaults:1)
  51 orc warriors
  13 swamp drakes
  2 eyes of draining (D:14)
  5 ice beasts
  6 black bears
  34 ogres
  8 boggarts
  4 phantoms
  8 centaurs
  6 wolves
  2 big kobolds (D:7)
  20 bullfrogs
  A wyvern zombie (D:13)
  6 scorpions
  A wyvern skeleton (D:13)
  A tengu zombie (D:15)
  9 killer bees
  6 wights (D:11)
  2 electric eels
  14 howler monkeys
  2 bullfrog zombies
  A quasit (D:10)
  An iron imp (Depths:1)
  8 jellies
  8 hounds
  19 orc priests
  3 bullfrog skeletons
  7 centaur skeletons
  3 centaur zombies
  38 orc wizards
  Crazy Yiuf (D:2)
  7 iguanas
  Ijyb (D:5)
  24 worker ants
  A killer bee zombie (D:8)
  A hound skeleton (D:4)
  8 gnolls
  A worker ant zombie (D:8)
  15 adders
  4 shadow imps
  3 white imps
  2 ufetubi
  An ooze (D:4)
  An adder zombie (D:7)
  A worm (D:2)
  8 leopard geckos
  100 orcs
  8 giant cockroaches
  6 goblins
  5 hobgoblins
  15 jackals
  7 quokkas
  6 bats
  9 frilled lizards
  7 kobolds
  A quokka zombie (D:7)
  6 rats
1610 creatures vanquished.

Vanquished Creatures (others)
  A naga warrior (Snake:2)
  A two-headed ogre (D:8)
  A spriggan (Swamp:3)
  A deep elf mage (Vaults:1)
  A rime drake (Lair:3)
  A blink frog (Swamp:3)
  A hornet (Swamp:3)
  2 humans (Snake:4)
  A naga (Snake:3)
  An orc warrior (D:8)
  A swamp drake (Swamp:4)
  A centaur (D:8)
  A scorpion (D:8)
  A small abomination (Abyss:3)
  An orc priest (Orc:2)
  A centaur skeleton (D:8)
  An iguana (D:8)
  A hound skeleton (D:8)
  3 orcs
  A leopard gecko zombie (D:8)
  A bush (Swamp:4)
  31 fungi
  88 plants
  6 starspawn tentacles
  3 withered plants (D:15)
152 creatures vanquished.

Grand Total: 1762 creatures vanquished

Notes
Turn   | Place    | Note
-------+----------+-------------------------------------------
     0 | D:1      | 1994 the Troll Fighter began the quest for the Orb.
     0 | D:1      | Reached XP level 1. HP: 22/22 MP: 0/0
   207 | D:1      | Reached XP level 2. HP: 28/29 MP: 1/1
   672 | D:2      | Reached XP level 3. HP: 36/36 MP: 2/2
   749 | D:2      | Reached skill level 3 in Unarmed Combat
  1017 | D:2      | Found a runed translucent door.
  1018 | D:2      | Noticed Crazy Yiuf
  1254 | D:2      | Killed Crazy Yiuf
  1254 | D:2      | Reached XP level 4. HP: 37/44 MP: 3/3
  1720 | D:3      | Reached XP level 5. HP: 50/50 MP: 4/4
  1746 | D:3      | Reached skill level 4 in Unarmed Combat
  2449 | D:4      | Reached XP level 6. HP: 58/59 MP: 5/5
  2746 | D:4      | Reached skill level 5 in Unarmed Combat
  2784 | D:4      | Found a shadowy altar of Dithmenos.
  2784 | D:4      | Noticed a shadow
  2785 | D:4      | Found a hazy altar of Hepliaklqana.
  3022 | D:5      | Entered Level 5 of the Dungeon
  3095 | D:5      | Noticed Ijyb
  3108 | D:5      | Killed Ijyb
  3149 | D:5      | Reached skill level 5 in Shields
  3149 | D:5      | Reached XP level 7. HP: 56/66 MP: 6/6
  3395 | D:5      | Found a sacrificial altar of Ru.
  3474 | D:5      | Noticed Grinder
  3490 | D:5      | Paralysed by Grinder for 6 turns
  3501 | D:5      | Killed Grinder
  3501 | D:5      | Reached skill level 6 in Unarmed Combat
  3707 | D:6      | Found Sainokhe's Antique Armour Emporium.
  3716 | D:6      | Bought a dull robe for 136 gold pieces
  3726 | D:6      | Identified the +5 robe of Zoadoapne {Dex+3} (You bought it
                  | in a shop on level 6 of the Dungeon)
  3803 | D:6      | Found a sparkling altar of Nemelex Xobeh.
  3815 | D:6      | Reached XP level 8. HP: 65/74 MP: 7/7
  3887 | D:6      | Noticed a two-headed ogre
  3915 | D:6      | Killed a two-headed ogre
  3915 | D:6      | Reached skill level 8 in Unarmed Combat
  4286 | D:6      | Found a radiant altar of Vehumet.
  4286 | D:6      | Found a hide-covered altar of Uskayaw.
  4625 | D:7      | Reached XP level 9. HP: 80/80 MP: 8/8
  4661 | D:7      | Found a broken altar of Ashenzari.
  4819 | D:7      | Found a shimmering blue altar of Sif Muna.
  4976 | D:7      | Reached skill level 9 in Unarmed Combat
  5004 | D:7      | Found a staircase to the Ecumenical Temple.
  5029 | Temple   | Entered the Ecumenical Temple
  5097 | Temple   | Became a worshipper of Gozag Ym Sagoz the Greedy
  5427 | D:8      | Killed a two-headed ogre
  5650 | D:8      | Reached skill level 10 in Unarmed Combat
  5677 | D:8      | Found a shimmering altar of Xom.
  5721 | D:8      | Found a radiant altar of Vehumet.
  5874 | D:8      | Noticed a cyclops
  5891 | D:8      | Killed a cyclops
  5891 | D:8      | Reached XP level 10. HP: 87/88 MP: 9/9
  6233 | D:9      | Reached skill level 11 in Unarmed Combat
  6261 | D:9      | Noticed Maggie
  6270 | D:9      | Killed Maggie
  6541 | D:9      | Reached skill level 5 in Fighting
  6589 | D:9      | Noticed Erolcha
  6601 | D:9      | Killed Erolcha
  6736 | D:9      | Noticed a cyclops
  6749 | D:9      | Killed a cyclops
  6889 | D:9      | Noticed Psyche
  6908 | D:9      | Killed Psyche
  6961 | D:9      | Reached XP level 11. HP: 86/109 MP: 10/10
  7242 | D:10     | Entered Level 10 of the Dungeon
  7446 | D:10     | Noticed a centaur warrior
  7460 | D:10     | Killed a centaur warrior
  7460 | D:10     | Reached skill level 1 in Throwing
  8243 | D:11     | Noticed a two-headed ogre
  8264 | D:11     | Killed a two-headed ogre
  8264 | D:11     | Reached skill level 5 in Throwing
  8480 | D:11     | Noticed a brown ugly thing
  8490 | D:11     | Noticed a boulder beetle
  8491 | D:11     | Killed a brown ugly thing
  8661 | D:11     | Killed a boulder beetle
  8871 | D:11     | Noticed a boulder beetle
  9073 | D:10     | Killed a boulder beetle
  9073 | D:10     | Reached XP level 12. HP: 38/119 MP: 11/11
  9284 | D:11     | Noticed a death knight
  9502 | D:11     | Identified the +1 war axe of Coqairer {vorpal, *Contam
                  | rPois Dex+4 SInv}
  9502 | D:11     | Identified the ring "Muoreusm" {rF+ Int+6}
  9739 | D:10     | Killed a death knight
  9954 | D:11     | Noticed a boulder beetle
 10079 | D:11     | Killed a boulder beetle
 10079 | D:11     | Reached skill level 5 in Dodging
 10429 | D:11     | Identified Sif Muna's Incunabulum of Ignition and the
                  | Traveller
 10548 | D:11     | Found a staircase to the Lair.
 10681 | D:12     | Noticed a centaur warrior
 10681 | D:12     | Noticed a two-headed ogre
 10682 | D:12     | Noticed an eight-headed hydra
 10782 | D:11     | Killed a two-headed ogre
 10788 | D:11     | Killed a centaur warrior
 11293 | D:12     | Reached skill level 12 in Unarmed Combat
 11738 | D:12     | Killed an eight-headed hydra
 11825 | D:12     | Found a staircase to the Orcish Mines.
 11830 | D:12     | Found the +15 Maxwell's patent armour {-Cast -Tele rElec
                  | MR+ rCorr}
 11956 | Lair:1   | Entered Level 1 of the Lair of Beasts
 12072 | Lair:1   | Reached XP level 13. HP: 125/127 MP: 12/12
 12469 | D:11     | Found a staircase to the Lair.
 12627 | D:11     | Bought a scorched troll leather armour for 680 gold pieces
 12637 | D:11     | Identified the +3 troll leather armour "Cullineuv" {Regen+
                  | Dex+5} (You bought it in a shop on level 11 of the Dungeon)
 12816 | Lair:1   | Found a bloodstained altar of Trog.
 14279 | Lair:3   | Reached skill level 10 in Shields
 15208 | Lair:3   | Got a twitching amber ring
 15446 | Lair:3   | Identified the ring of the Final Decision {Ice +Inv rPois
                  | MP+9 Int-5} (You found it on level 3 of the Lair of Beasts)
 15632 | Lair:4   | Noticed an entropy weaver
 15649 | Lair:4   | Killed an entropy weaver
 15894 | Lair:4   | Noticed an entropy weaver
 15906 | Lair:4   | Killed an entropy weaver
 15906 | Lair:4   | Reached XP level 14. HP: 89/136 MP: 13/13
 16217 | Lair:4   | Found a staircase to the Swamp.
 16244 | Lair:4   | Found a staircase to the Snake Pit.
 16723 | Lair:5   | Noticed Urug
 16742 | Lair:5   | Killed Urug
 17705 | Lair:5   | Found a viscous altar of Jiyva.
 17705 | Lair:5   | Found a staircase to the Slime Pits.
 17725 | Lair:6   | Entered Level 6 of the Lair of Beasts
 18087 | Lair:6   | Reached skill level 15 in Shields
 18141 | Lair:6   | Found a transporter.
 18406 | Lair:6   | Reached skill level 13 in Unarmed Combat
 18418 | Lair:6   | Reached XP level 15. HP: 106/143 MP: 14/14
 18521 | Lair:6   | Found a transporter.
 18525 | Lair:6   | Noticed twist's ghost (journeyman BaIE)
 19368 | D:11     | Bought the amulet "Wisku" {Reflect rElec Int-2 Dex+8 SH+5
                  | Stlth-} for 662 gold pieces
 19386 | D:11     | Bought a faintly humming robe for 193 gold pieces
 19399 | D:11     | Identified the +0 robe of Conscience {Regen+ Stlth+} (You
                  | bought it in a shop on level 11 of the Dungeon)
 19407 | D:11     | Bought a glowing robe for 77 gold pieces
 19420 | D:11     | Bought a runed robe for 77 gold pieces
 19437 | D:11     | Bought a +4 ring of protection for 432 gold pieces
 19584 | D:12     | Reached skill level 14 in Unarmed Combat
 19922 | D:13     | Found a gate to the Vaults.
 20835 | D:14     | Noticed Rupert
 21000 | D:14     | Noticed Jorgrun
 21012 | D:14     | Killed Jorgrun
 21012 | D:14     | Reached skill level 15 in Unarmed Combat
 21738 | D:14     | Killed Rupert
 21738 | D:14     | Reached skill level 16 in Unarmed Combat
 21821 | D:14     | Found an iron altar of Okawaru.
 21947 | D:15     | Entered Level 15 of the Dungeon
 22419 | D:15     | Found a staircase to the Depths.
 22655 | D:15     | Reached XP level 16. HP: 128/153 MP: 15/15
 23457 | Depths:1 | Entered Level 1 of the Depths
 23563 | Depths:1 | Noticed a tengu reaver
 23583 | Depths:1 | Killed a tengu reaver
 23750 | Depths:1 | Noticed a tengu reaver
 23752 | Depths:1 | Noticed a tengu reaver
 23752 | Depths:1 | Noticed Sojobo
 23769 | D:15     | Killed a tengu reaver
 23862 | D:15     | Killed a tengu reaver
 23862 | D:15     | Reached skill level 10 in Fighting
 24095 | Depths:1 | Killed Sojobo
 24267 | D:15     | Reached skill level 10 in Throwing
 25045 | D:15     | Reached XP level 17. HP: 138/170 MP: 16/16
 25311 | Depths:1 | Noticed a lich
 25642 | Depths:1 | Found a transporter.
 25960 | Depths:1 | Noticed Efficiency's ghost (adept DDDe)
 26070 | Depths:1 | Paralysed by a vampire knight for 7 turns
 26277 | Depths:1 | Found a gateway to Hell.
 26438 | Depths:1 | Found a transporter.
 27170 | Lair:6   | Killed twist's ghost
 27195 | Lair:6   | Got a translucent brass amulet
 27203 | Lair:6   | Identified the amulet of Fun {Acrobat Str+2} (You found it
                  | on level 6 of the Lair of Beasts)
 27452 | Orc:1    | Entered Level 1 of the Orcish Mines
 27982 | Orc:2    | Entered Level 2 of the Orcish Mines
 27982 | Orc:2    | Found a roughly hewn altar of Beogh.
 28114 | Orc:2    | Noticed Sonja
 28118 | Orc:2    | Killed Sonja
 28121 | Orc:2    | Found a staircase to the Elven Halls.
 28378 | Orc:2    | Found a roughly hewn altar of Beogh.
 28565 | Orc:2    | Found Ybrabrot's Book Emporium.
 28575 | Orc:2    | Found Koczarru's Antique Armour Emporium.
 28768 | Orc:2    | Reached skill level 17 in Unarmed Combat
 28930 | Orc:2    | Found Rotexaull's General Store.
 28945 | Orc:2    | Found Suptur's Antique Weapon Emporium.
 29118 | Orc:2    | Bought a scroll of teleportation for 45 gold pieces
 29129 | Orc:2    | Bought fire dragon scales for 1380 gold pieces
 29195 | Orc:1    | Found a shimmering altar of Xom.
 29606 | Swamp:1  | Entered Level 1 of the Swamp
 30109 | Swamp:1  | Reached skill level 1 in Armour
 31818 | Swamp:3  | Reached skill level 5 in Armour
 32055 | Swamp:3  | Reached XP level 18. HP: 182/182 MP: 17/17
 32731 | Swamp:4  | Entered Level 4 of the Swamp
 33662 | Swamp:4  | Noticed the 27-headed Lernaean hydra
 33679 | Swamp:4  | Killed the 21-headed Lernaean hydra
 34034 | Swamp:4  | Got a decaying rune of Zot
 34077 | Swamp:4  | Noticed Nikola
 34110 | Swamp:4  | Killed Nikola
 34636 | Snake:1  | Entered Level 1 of the Snake Pit
 34674 | Snake:1  | Found a frozen archway.
 34706 | IceCv    | Entered an ice cave
 35040 | IceCv    | Reached skill level 18 in Unarmed Combat
 35868 | Snake:1  | Found an opulent altar of Gozag.
 37366 | Snake:2  | Found Doq Piuxtuz's Jewellery Boutique.
 37366 | Snake:2  | Found Fiomu's Gadget Shoppe.
 37367 | Snake:2  | Found Linimogu's Gadget Shoppe.
 37822 | Snake:2  | Reached XP level 19. HP: 49/192 MP: 6/18
 38330 | Snake:3  | Reached skill level 19 in Unarmed Combat
 39361 | Snake:4  | Entered Level 4 of the Snake Pit
 39495 | Snake:4  | Noticed Kirke
 39511 | Snake:4  | Killed Kirke
 41216 | Snake:4  | Reached skill level 20 in Unarmed Combat
 42195 | Snake:4  | Got a serpentine rune of Zot
 42374 | Snake:4  | Found Bixyba's Book Shoppe.
 42376 | Snake:4  | Found Elaythry's Assorted Antiques.
 42378 | Snake:4  | Found Bipnihul's Magic Scroll Shoppe.
 42386 | Snake:4  | Bought a scroll of acquirement for 676 gold pieces
 42386 | Snake:4  | Acquired a manual of Armour
 42392 | Snake:4  | Bought a scroll of fog for 26 gold pieces
 42392 | Snake:4  | Bought a scroll of identify for 26 gold pieces
 42392 | Snake:4  | Bought a scroll of magic mapping for 45 gold pieces
 42392 | Snake:4  | Bought a scroll of remove curse for 39 gold pieces
 42392 | Snake:4  | Bought a scroll of teleportation for 39 gold pieces
 42392 | Snake:4  | Bought a scroll of teleportation for 39 gold pieces
 42392 | Snake:4  | Bought a scroll of identify for 26 gold pieces
 42392 | Snake:4  | Bought a scroll of summoning for 123 gold pieces
 42974 | Vaults:1 | Entered Level 1 of the Vaults
 43070 | D:11     | Bought faintly humming acid dragon scales for 945 gold
                  | pieces
 43070 | D:11     | Identified the +6 acid dragon scales "Avag" {rCorr Dex+2}
                  | (You bought it in a shop on level 11 of the Dungeon)
 43554 | Vaults:1 | Reached XP level 20. HP: 205/205 MP: 10/19
 43741 | Vaults:1 | Reached skill level 10 in Armour
 43891 | Vaults:1 | Cast into level 2 of the Abyss (a deep elf sorcerer)
 44078 | Abyss:3  | Found a corrupted altar of Lugonu.
 44198 | Abyss:3  | Found a corrupted altar of Lugonu.
 44264 | Abyss:3  | Found a shimmering blue altar of Sif Muna.
 44321 | Abyss:3  | Paralysed by accursed screaming for 1 turns
 44346 | Abyss:3  | Paralysed by accursed screaming for 1 turns
 44974 | Vaults:1 | Escaped the Abyss
 45768 | Vaults:2 | Noticed Mennas
 45796 | Vaults:2 | Killed Mennas
 47036 | Vaults:2 | You fall into a shaft and drop 2 floors!
 47376 | Vaults:4 | Found Roiluc's Antique Armour Shoppe.
 47604 | Vaults:4 | Cast into level 3 of the Abyss (a deep elf sorcerer)
 47853 | Abyss:3  | Noticed an ancient lich
 47856 | Abyss:3  | Reached XP level 21. HP: 165/217 MP: 20/20
 47861 | Abyss:3  | Paralysed by accursed screaming for 2 turns
 47867 | Abyss:3  | Paralysed by accursed screaming for 2 turns
 47879 | Abyss:3  | Paralysed by accursed screaming for 2 turns
 47981 | Abyss:3  | Reached skill level 15 in Fighting
 48002 | Vaults:4 | Escaped the Abyss
 49609 | Vaults:4 | HP: 4/222 [shadow dragon/bolt of negative energy (26)]
 49616 | Vaults:4 | Slain by a shadow dragon

Illustrated notes

Levels and vault maps discovered:
D:1:      dpeg_arrival_fog, layout_basic
D:2:      layout_basic, uniq_crazy_yiuf_cottage
D:3:      layout_loops_corners
D:4:      layout_basic, riverfiend_overflow_shadow_ancestor
D:5:      layout_loops_cross, kennysheep_little_box, corexii_corridor_pit,
          solitary_fountain, uniq_ijyb, uniq_grinder
D:6:      layout_loops_ring, nemelex_xobeh_ov_fountains_minmay,
          grunt_temple_overflow_open, serial_shops,
          nicolae_shop_competitors_out_of_business, nrook_pool_corridor
D:7:      minmay_general_purpose_star, layout_basic, lemuel_round_altar,
          minmay_temple_entry_nine_rooms, ashenzari_altar_1
D:8:      cheibrodos_fzero, layout_rooms, xom_confusion_cloud, basic_altar
D:9:      layout_irregular_city, serial_rivers, chequers_serial_rivers_micro_c,
          chequers_serial_rivers_small_b, chequers_serial_rivers_marsh,
          chequers_serial_rivers_marsh, chequers_serial_rivers_room_b,
          chequers_serial_rivers_micro_a, minmay_misc_feat_encased,
          uniq_erolcha, uniq_maggie, uniq_psyche
D:10:     layout_gridville
D:11:     minmay_the_grid_triangle_9x9_line_8_mashed
          [minmay_the_grid_triangle_9x9_checkered,
          minmay_the_grid_triangle_9x9_odd_lines,
          minmay_the_grid_triangle_9x9_limited_checkers,
          minmay_the_grid_triangle_9x9_wacky_v,
          minmay_the_grid_triangle_9x9_semitri,
          minmay_the_grid_triangle_9x9_from_above,
          minmay_the_grid_triangle_9x9_thin_v,
          minmay_the_grid_triangle_9x9_prize_center], layout_rooms,
          david_lair_shrubbed
D:12:     layout_stronghold, orc_0_dummy, minmay_checkerbox
D:13:     layout_cave_pools, david_vaults_5
D:14:     layout_basic, basic_altar, uniq_rupert, uniq_jorgrun
D:15:     gammafunk_depths_entry_grave, layout_gridville, small_statue_alley_a
Temple:   jpeg_temple_clearing
Lair:1:   layout_layer_cave, basic_altar
Lair:2:   layout_hall_layers, grunt_megastairs_5
Lair:3:   layout_loops_ring, cheibrodos_lair_caveside_slide,
          bobbens_dragon_lair_wall, infiniplex_staircase_pool
Lair:4:   layout_big_grid, swamp_mist, guppyfry_snake_entry_island,
          minmay_another_anthill
Lair:5:   layout_roguey, dpeg_slime_entry_enclosed_altar, serial_rivers,
          chequers_serial_rivers_large_b, chequers_serial_rivers_micro_d,
          chequers_serial_rivers_room_b, chequers_serial_rivers_micro_c,
          chequers_serial_rivers_micro_d, chequers_serial_rivers_micro_e,
          st_stairs_12, grunt_megastairs_4, uniq_urug
Lair:6:   gammafunk_lair_ancient_temple, layout_small_grid,
          gammafunk_ghost_berserking_beasts
Swamp:1:  layout_basic_swamp, serial_swamp_ruin, hangedman_swamp_ruin_wall,
          evilmike_swamp_ruin_wall, evilmike_swamp_ruin_house_5
Swamp:2:  layout_falls_marsh, hangedman_swamp_ruin_hall, swamp_pool1
Swamp:3:  layout_basic_swamp, evilmike_swamp_ruin_house_2
Swamp:4:  grunt_swamp_rune_castle, layout_basic_swamp, swamp_pool2, uniq_nikola
Snake:1:  layout_cave_pods, basic_altar, portal_ice_cave_entry_ice_statue_one
Snake:2:  layout_chambers, minmay_shop_grove
Snake:3:  layout_onion_interference
Snake:4:  snake_pit, layout_basic, serial_bayou_shore_a, minmay_shop_star,
          serial_bayou_shore_b, uniq_kirke
Orc:1:    layout_diamond_mine, basic_altar
Orc:2:    grunt_orc_cross, layout_caves, mines2_david, uniq_sonja
Vaults:1: v_alt_pattern_3, v_misc_27, v_misc_29,
          nicolae_vaults_ring_of_whatevers, nicolae_vaults_shelves_hall,
          ontoclasm_vaults_chip, ontoclasm_vaults_shuriken,
          layout_vaults_omnigrid
Vaults:2: minmay_crypt_entry_simple_corners, nicolae_vaults_little_squares_4,
          nicolae_vaults_little_squares_3, vaults_dpeg_spiral,
          vaults_dpeg_diagonal, vaults_standard_mumra_x, grunt_vaults_focal,
          vaults_room_hallway, layout_vaults_big_room, uniq_mennas, uniq_margery
Vaults:4: dpeg_vaults_pockets_of_resistance, nicolae_vaults_big_ls,
          nicolae_vaults_what_the_h, vaults_room_door_ring,
          nicolae_vaults_specimen_jars, hangedman_vaults_restitches,
          grunt_vaults_twisty, v_misc_27, v_misc_23, grunt_vaults_hallway_long,
          v_alt_pattern_6, vaults_mumra_chevron, layout_vaults_big_cross,
          serial_shops, nicolae_shop_trees
Depths:1: layout_basic, gammafunk_ghost_arena, grunt_hell_entry_dis_old,
          nrook_uturn, minmay_misc_feat_diagonals,
          hangedman_decor_clover_reticule, kennysheep_generic_room_7,
          uniq_sojobo

Skill      XL: |  1  2  3  4  5  6  7  8  9 10 11 12 13 14 15 16 17 18 19 20 21 |
---------------+----------------------------------------------------------------+-----
Shields        | 3 4 5 6 7 9 12 15 | 15.0
Unarmed Combat | 3 4 5 6 8 10 11 12 13 16 17 18 20 | 20.7
Fighting       | 7 8 11 12 13 14 16 | 16.2
Throwing       | 8 9 10 11 | 11.6
Dodging        | 7 9 |  9.2
Armour         | 5 7 9 14 | 14.2

Action                   |  1- 3 |  4- 6 |  7- 9 | 10-12 | 13-15 | 16-18 | 19-21 || total
-------------------------+-------+-------+-------+-------+-------+-------+-------++-------
Melee: Unarmed           |   134 |   121 |   310 |   697 |  1393 |  1848 |  1692 ||  6195
       Scimitar          |       |       |       |       |    11 |    88 |       ||    99
Throw: Dart              |       |       |     4 |     3 |     4 |       |       ||    11
       Boomerang         |       |       |       |     7 |    70 |       |       ||    77
       Javelin           |       |       |       |       |     6 |       |       ||     6
       Large rock        |       |       |       |       |       |       |     2 ||     2
Invok: Call Merchant     |       |       |       |       |     4 |     2 |     2 ||     8
Evoke: Wand              |       |       |       |     5 |     1 |     9 |       ||    15
  Use: Scroll            |       |     1 |     4 |     6 |    21 |    10 |     7 ||    49
       Potion            |       |       |       |     1 |       |     8 |     6 ||    15
 Stab: Sleeping          |       |     3 |       |       |     4 |       |       ||     7
       Distracted        |       |       |     1 |     4 |    14 |    11 |    23 ||    53
       Paralysed         |       |       |       |     2 |       |       |       ||     2
       Invisible         |       |       |       |       |       |     3 |       ||     3
Armor: Robe              |    51 |    42 |    89 |   185 |    71 |   123 |    52 ||   613
       Skin              |       |       |       |     3 |       |       |       ||     3
       Troll leather arm |       |       |       |       |   123 |       |       ||   123
       Fire dragon scale |       |       |       |       |       |   276 |       ||   276
       Acid dragon scale |       |       |       |       |       |       |   245 ||   245
Dodge: Dodged            |    40 |    39 |    87 |   202 |   378 |   741 |   474 ||  1961
Block: Kite shield       |    57 |    41 |   163 |   354 |    87 |  1009 |  1177 ||  2888
       Tower shield      |       |       |       |       |  1381 |   995 |       ||  2376
       Reflection        |       |       |       |       |    17 |    66 |   130 ||   213
       Rpst.: Scimitar   |       |       |       |       |     1 |    21 |       ||    22

Table legend: (Time is in decaauts)
 A = Elapsed time spent in this place.
 B = Non-inter-level travel time spent in this place.
 C = Inter-level travel time spent in this place.
 D = Time resting spent in this place.
 E = Time spent auto-exploring this place.
 F = Levels seen in this place.
 G = Mean time per level.
                   A        B        C        D        E       F      G
               +--------+--------+--------+--------+--------+-----+--------+
         Total |  48445 |  45237 |   3208 |   8778 |  23201 |  40 | 1211.1 |
       Dungeon |  18371 |  16805 |   1566 |   3813 |   8251 |  15 | 1224.7 |
        Temple |     84 |     69 |     15 |      0 |     65 |   1 |   84.0 |
          Lair |   7538 |   6582 |    956 |    610 |   3745 |   6 | 1256.3 |
         Swamp |   5162 |   4961 |    201 |   1133 |   2593 |   4 | 1290.5 |
     Snake Pit |   7407 |   7254 |    153 |   1942 |   3680 |   4 | 1851.8 |
  Orcish Mines |   1832 |   1630 |    202 |    160 |    767 |   2 |  916.0 |
        Vaults |   4674 |   4609 |     65 |    689 |   2745 |   3 | 1558.0 |
        Depths |   1583 |   1536 |     47 |    122 |    712 |   1 | 1583.0 |
         Abyss |   1374 |   1374 |      0 |    293 |    575 |   3 |  458.0 |
      Ice Cave |    416 |    416 |      0 |     15 |     66 |   1 |  416.0 |
               +--------+--------+--------+--------+--------+-----+--------+

Top non-repeatable levels by time:
    D:11: 2703 daAuts
    D:15: 2674 daAuts
 Snake:4: 2363 daAuts
 Snake:3: 2074 daAuts
Vaults:4: 2049 daAuts
Vaults:1: 1800 daAuts
    D:12: 1758 daAuts
 Snake:2: 1750 daAuts
  Lair:6: 1718 daAuts
Depths:1: 1583 daAuts
 Swamp:3: 1496 daAuts
 Swamp:4: 1427 daAuts
  Lair:1: 1394 daAuts
    D:14: 1387 daAuts
     D:9: 1316 daAuts
